 Dungeon Crawl Stone Soup version 0.31.0-12-g77e489cdc1 (webtiles) character file.

Game seed: 12624482606576718361

207 hawla the Shield-Bearer (level 5, 0/46 HPs)
             Began as a Minotaur Fighter on Feb 16, 2024.
             Slain by a phantom (2 damage)
             ... on level 4 of the Dungeon.
             The game lasted 00:08:24 (2902 turns).

hawla the Shield-Bearer (Minotaur Fighter)          Turns: 2902, Time: 00:08:25

Health: 0/46       AC:  8    Str: 19 (22) XL:     5   Next: 54%
Magic:  4/4        EV: 10    Int:  2 (5)  God:
Gold:   214        SH:  5    Dex: 10 (12) Spells: 4/4 levels left

rFire   . . .        h - +5 mace "Plog" {freeze, *Corrode rPois Dex+2}
rCold   . . .        c - +0 buckler
rNeg    . . .        b - +0 scale mail
rPois   +            (helmet restricted)
rElec   .            (no cloak)
rCorr   .            (no gloves)
SInv    .            i - +0 pair of boots
Will    .....        (no amulet) Stlth
                     (no ring)
HPRegen 0.27/turn    (no ring)
MPRegen 0.09/turn

%: corrode self (3%)
@: no status effects
A: horns 2, retaliatory headbutt
a: no special abilities


You were on level 4 of the Dungeon.
You visited 1 branch of the dungeon, and saw 4 of its levels.

You collected 214 gold pieces.

Inventory:

Hand Weapons
 a - a +2 war axe
 h - the +5 mace "Plog" (weapon) {freeze, *Corrode rPois Dex+2}
   (You found it on level 2 of the Dungeon)

   Dex+2:     It affects your dexterity (+2).
   rPois:     It protects you from poison *Corrode: It may corrode you when you
   take damage.
Missiles
 p - 2 poisoned darts
Armour
 b - a +0 scale mail (worn)
 c - a +0 buckler (worn)
 i - a +0 pair of boots (worn)
Jewellery
 m - a +4 ring of protection
Wands
 v - a wand of light (5) (quivered)
Scrolls
 j - 5 scrolls of teleportation {unknown}
 k - a scroll of brand weapon {unknown}
 t - a scroll of identify {unknown}
Potions
 d - 2 potions of might
 f - a potion of enlightenment
 q - 2 potions of curing {unknown}
 r - a potion of berserk rage {unknown}
 s - a potion of haste {unknown}


   Skills:
 - Level 4.0 Fighting
 - Level 2.4 Axes
 - Level 3.6 Armour
 + Level 4.8 Dodging
 - Level 5.0 Shields


You had 4 spell levels left.
You didn't know any spells.
Your spell library was empty.

Dungeon Overview and Level Annotations

Branches:
Dungeon (4/15)
 Temple: D:4-7

Altars:

Shops:
D:1 !


Innate Abilities, Weirdness & Mutations

You have a pair of horns on your head.
You reflexively headbutt those who attack you in melee.


Message History

* * * LOW HITPOINT WARNING * * *
The phantom blinks!
You blink.
Aiming: Bolt of Light
Press: ? - help, Shift-Dir - straight line
Aim: Disturbance (translocational energy)
The bolt of light hits something!
Reactivating autopickup.
You feel a bit more experienced. The phantom hits you.
* * * LOW HITPOINT WARNING * * *
The phantom blinks!
You blink.
Aiming: Bolt of Light
Press: ? - help, Shift-Dir - straight line, f - phantom
Aim: a phantom (lightly damaged, 60% to hit)
The bolt of light hits the phantom!
The phantom is heavily damaged.
The phantom hits you.
* * * LOW HITPOINT WARNING * * *
It was a potion of enlightenment.
You feel very buoyant.
You fly up into the air.
The phantom hits you but does no damage.
It was a potion of degeneration.
There was something very wrong with that liquid.
You feel weakened.
You feel dopey.
You feel clumsy. The phantom hits you.
* * * LOW HITPOINT WARNING * * *
The phantom blinks!
You blink.
It was a potion of attraction.
You feel attractive to monsters. The phantom hits you.
* * * LOW HITPOINT WARNING * * *
The phantom blinks!
You blink.
It was a potion of cancellation.
Your magical effects are unravelling.
You feel magically purged.
You float gracefully downwards.
Your enlightenment fades.
You block the phantom's attack.
You feel less attractive to monsters.
It was a potion of magic.
Magic courses through your body. The phantom hits you.
You die...

#. . #. ..########
#######.......#
####....##.....@.#
.......+......W.#
#####....##..§....#
..........#..§....#
...........[[.....#
#.........).......#
#.#........######.#
.....)..##... #.#
....#.#.##...# #.#


You could see a phantom.

Vanquished Creatures
  2 orc priests
  An orc wizard (D:4)
  4 adders
  3 dart slugs
  3 ribbon worms
  6 orcs
  3 bats
  5 endoplasms
  2 giant cockroaches
  7 goblins
  7 hobgoblins
  6 jackals (D:1)
  4 kobolds
  A quokka (D:3)
  5 ball pythons
  2 frilled lizards (D:2)
  6 rats
67 creatures vanquished.

Notes
Turn   | Place    | Note
-------+----------+-------------------------------------------
     0 | D:1      | hawla the Minotaur Fighter began the quest for the Orb.
     0 | D:1      | Reached XP level 1. HP: 19/19 MP: 0/0
    80 | D:1      | Found a faded altar of an unknown god.
    89 | D:1      | Reached skill level 4 in Shields
    93 | D:1      | Reached XP level 2. HP: 19/27 MP: 1/1
   585 | D:1      | Found Qoongaf's Distillery.
   647 | D:1      | Reached XP level 3. HP: 31/33 MP: 2/2
   680 | D:1      | Reached skill level 5 in Shields
  1120 | D:2      | Identified the +5 mace "Plog" {freeze, *Corrode rPois
                  | Dex+2}
  1136 | D:2      | Reached skill level 1 in Dodging
  1813 | D:3      | Reached XP level 4. HP: 40/40 MP: 3/3
  2493 | D:3      | Reached XP level 5. HP: 39/46 MP: 4/4
  2884 | D:4      | Noticed a phantom
  2900 | D:4      | HP: 1/46 [phantom (4)]
  2902 | D:4      | Slain by a phantom

Illustrated notes

Levels and vault maps discovered:
D:1:      heliophobic_arrival_enchanted_forest, layout_basic, serial_shops,
          shop, serial_rivers, chequers_serial_rivers_micro_b,
          chequers_serial_rivers_small_a, chequers_serial_rivers_small_a,
          chequers_serial_rivers_large_a, chequers_serial_rivers_small_b,
          chequers_ecumenical_altar_island, minmay_bisected
D:2:      layout_basic
D:3:      layout_basic
D:4:      layout_basic, kennysheep_little_box, nemelex_diamond_rough_becter,
          minmay_temple_entry_glass

Skill      XL: |  1  2  3  4  5 |
---------------+----------------+-----
Fighting       | 4 |  4.0
Shields        | 4 5 |  5.0
Dodging        | 2 3 4 |  4.8
Axes           | |  2.4
Armour         | |  3.6

Action                     |  1- 3 |  4- 6 || total
---------------------------+-------+-------++-------
  Melee: War axe           |    50 |       ||    50
         Headbutt          |     8 |     4 ||    12
         Mace              |    19 |    39 ||    58
  Evoke: Wand              |       |     2 ||     2
    Use: Scroll            |     3 |     2 ||     5
         Potion            |       |     5 ||     5
 Armour: Scale mail        |    62 |    45 ||   107
  Dodge: Dodged            |    33 |    23 ||    56
  Block: Buckler           |    23 |     7 ||    30
